 Dungeon Crawl Stone Soup version 0.29.1-12-g30fa7ad0bf (webtiles) character file.

Game seed: 16659274371213263127

34969 wormed the Severer (level 13, -11/113 HPs)
             Began as a Minotaur Berserker on Dec 25, 2022.
             Was a High Priest of Trog.
             Hit by a javelin thrown by a minotaur (32 damage)
             ... on level 4 of the Lair of Beasts.
             The game lasted 00:27:50 (15171 turns).

wormed the Severer (Minotaur Berserker)            Turns: 15171, Time: 00:27:51

Health: -11/113    AC: 19    Str: 27    XL:     13   Next: 45%
Magic:  11/12      EV: 14    Int:  4    God:    Trog [*****.]
Gold:   1154       SH: 13    Dex: 13    Spells: 12/12 levels left

rFire   + . .      SeeInvis .   W - +10 broad axe "Giant's Curse" {vorpal, rElec Will+ Dex+3}
rCold   . . .      Faith    .   C - +2 kite shield
rNeg    . . .      Spirit   .   h - +0 plate armour
rPois   .          Reflect  .   (helmet restricted)
rElec   +          Harm     .   x - +0 cloak
rCorr   .          Rampage  .   w - +2 pair of gloves of the Arcane {rF+}
Will    ++...                   (no boots)
Stlth   ..........              L - amulet of regeneration
HPRegen 1.08/turn               P - ring of willpower
MPRegen 0.13/turn               Q - +4 ring of evasion

@: no status effects
A: horns 2, retaliatory headbutt
a: Renounce Religion, Berserk, Trog's Hand, Brothers in Arms


You were on level 4 of the Lair of Beasts.
You worshipped Trog.
Trog was extremely pleased with you.
You visited 2 branches of the dungeon, and saw 15 of its levels.
You also visited: Sewer and Ossuary.

You collected 1154 gold pieces.

Inventory:

Hand Weapons
 W - the +10 broad axe "Giant's Curse" (weapon) {vorpal, rElec Will+ Dex+3}
   (Trog gifted it to you on level 4 of the Lair of Beasts)

   It inflicts extra damage upon your enemies.
   Dex:       It affects your dexterity (+3).
   rElec:     It insulates you from electricity.
   Will:      It increases your willpower.
Missiles
 j - 29 poisoned darts (quivered)
 B - 13 javelins
 S - 6 curare-tipped darts
Armour
 h - a +0 plate armour (worn)
 w - the +2 pair of gloves of the Arcane (worn) {rF+}
   (You found it on level 3 of the Dungeon)

   rF:        It protects you from fire.
 x - a +0 cloak (worn)
 C - a +2 kite shield (worn)
Jewellery
 p - a ring of fire
 L - an amulet of regeneration (around neck)
 M - a ring of see invisible
 O - a ring of flight
 P - a ring of willpower (left hand)
 Q - a +4 ring of evasion (right hand)
 R - a ring of poison resistance
 U - a +6 ring of dexterity
Wands
 b - a wand of paralysis (3)
 n - a wand of roots (16)
 z - a wand of polymorph (4)
 K - a wand of flame (31)
 N - a wand of light (14)
Scrolls
 d - 10 scrolls of teleportation {unknown}
 e - 5 scrolls of noise {unknown}
 g - 5 scrolls of fear {unknown}
 l - 4 scrolls of immolation {unknown}
 m - 6 scrolls of vulnerability {unknown}
 o - 7 scrolls of magic mapping {unknown}
 s - 4 scrolls of enchant weapon {unknown}
 y - 3 scrolls of blinking
 D - 2 scrolls of amnesia
 E - 4 scrolls of enchant armour
 F - 2 scrolls of poison
 T - a scroll of silence {unknown}
 V - 2 scrolls of identify
Potions
 a - 2 potions of ambrosia
 c - 6 potions of degeneration
 f - 2 potions of invisibility
 i - 7 potions of attraction
 k - 6 potions of lignification
 q - 2 potions of haste
 r - 4 potions of heal wounds {unknown}
 t - 3 potions of magic
 u - 8 potions of curing
 v - 3 potions of brilliance
 A - 3 potions of mutation
 G - 2 potions of cancellation
 H - 3 potions of might
 I - 3 potions of berserk rage {unknown}
 J - 3 potions of flight {unknown}


   Skills:
 + Level 10.2 Fighting
 - Level 18.0 Axes
 + Level 6.8 Throwing
 + Level 10.2 Armour
 + Level 9.7 Dodging
 + Level 10.2 Shields


You had 12 spell levels left.
You didn't know any spells.
Your spell library was empty.

Dungeon Overview and Level Annotations

Branches:
Dungeon (11/15)            Temple (0/1) D:6            Lair (4/5) D:10
  Swamp (0/4) Lair:3       Spider (0/4) Lair:2        Slime (0/5) Lair:4
    Orc (0/2) D:10          Sewer (visited)         Ossuary (visited)

Altars:
Cheibriados
Dithmenos
Fedhas
Kikubaaqudgha
Makhleb
Sif Muna
Trog
Uskayaw
Yredelemnul
Zin
Jiyva

Portals:
Abyss: D:10


Innate Abilities, Weirdness & Mutations

You have a pair of horns on your head.
You reflexively headbutt those who attack you in melee.


Message History

The minotaur throws a javelin.
The javelin pierces through you but does no damage.
The minotaur throws a javelin.
The javelin pierces through you!!
You see here a death yak corpse.
The minotaur throws a javelin.
The javelin pierces through you!!
There is an open translucent gate, spattered with blood here.
You see here a black mamba corpse.
You slash the minotaur!
The minotaur is lightly wounded.
You block the minotaur's attack. x2
You hit the minotaur.
The minotaur is moderately wounded.
The minotaur hits you!!
* * * LOW HITPOINT WARNING * * *
You block the minotaur's attack.
Blink to where?
Press: ? - help, Dir - move target
As you read the scroll of blinking, it crumbles to dust.
Throw: 32 darts (poison)
Press: ? - help, Q - select action, (/) - cycle Shift-Dir - straight line, f - minotaur
Aim: a minotaur, wearing a +0 chain mail and quivering javelins (moderately wounded, 76% to hit)
You throw a poisoned dart. The poisoned dart hits the minotaur!
The minotaur is poisoned.
The minotaur is moderately wounded.
Throw: 31 darts (poison)
Press: ? - help, Q - select action, (/) - cycle Shift-Dir - straight line, f/p - minotaur
Aim: a minotaur, wearing a +0 chain mail and quivering javelins (moderately wounded, very poisoned, 76% to hit)
You throw a poisoned dart. The poisoned dart hits the minotaur!
The minotaur looks as sick as possible!
The minotaur is moderately wounded.
Throw: 30 darts (poison)
Press: ? - help, Q - select action, (/) - cycle Shift-Dir - straight line, f/p - minotaur
Aim: a minotaur, wearing a +0 chain mail and quivering javelins (moderately wounded, extremely poisoned, 76% to hit)
You throw a poisoned dart. The poisoned dart hits the minotaur.
The minotaur looks as sick as possible!
The minotaur is moderately wounded.
The minotaur throws a javelin.
The javelin pierces through you!
* * * LOW HITPOINT WARNING * * *
The minotaur throws a javelin.
The javelin pierces through you!!
You die...

..###...####.## #..#
....รทรท......######.#
...............##..#
......#.#.......##.#
...............###.#
...............# #.#
...#..._...#..####.#
...!...>........#..#
...#.......#....@..#
...................#
...................#
#.....#.#..........#
##..............##.#
###.........P..##..#
####.....#H#...##..##
..###.....##..P###.P#
.+..'...............#


You could see a minotaur (very poisoned).

Vanquished Creatures
  The ghost of Veeshiej the Spear-Bearer, a journeyman MiFi of Okawaru (Lair:4)
  4 hydras
  A catoblepas (Lair:4)
  2 two-headed ogres
  A death yak (Lair:4)
  The ghost of mkat the Thaumaturge, a novice BaNe of Gozag (D:10)
  2 hell hogs (D:10)
  Urug (Lair:1)
  Sonja (D:11)
  Nergalle (Lair:1)
  A bog body (Lair:3)
  2 cyclopes (D:11)
  A wolf spider (Lair:2)
  A manticore (D:11)
  10 elephants
  Joseph (D:7)
  2 black mambas
  7 cane toads
  7 komodo dragons
  4 polar bears
  A hornet (D:10)
  2 trolls
  7 blink frogs
  4 dream sheep (Lair:4)
  Prince Ribbit (Lair:3)
  2 jumping spiders (Lair:2)
  2 shadows
  A spriggan (Lair:2)
  A culicivora (Lair:2)
  4 wyverns
  4 steam dragons
  18 yaks
  5 basilisks
  A redback (Lair:2)
  2 acid dragons
  9 water moccasins
  2 orc warriors
  6 ice beasts
  2 sky beasts (D:7)
  3 black bears
  2 ogres
  A centaur (D:7)
  13 wolves
  A kobold brigand (D:8)
  2 elf zombies (Ossuary)
  12 bullfrogs
  A small abomination (D:10)
  A gnoll sergeant (D:10)
  4 scorpions
  2 necrophages
  7 wights
  6 killer bees (D:10)
  An electric eel (D:8)
  2 howler monkeys
  5 hounds
  A human zombie (Ossuary)
  3 jellies
  3 gnoll boudas
  5 orc priests
  5 iguanas
  9 orc wizards
  A hound zombie (Ossuary)
  4 mummies (Ossuary)
  12 gnolls
  6 adders
  2 shadow imps (D:7)
  2 white imps
  2 ufetubi (D:5)
  An adder zombie (Ossuary)
  22 orcs
  18 ball pythons
  34 endoplasms
  17 giant cockroaches
  9 goblins
  6 hobgoblins
  3 jackals
  19 kobolds
  21 quokkas
  5 bats
  7 frilled lizards
  A gnoll zombie (Ossuary)
  A goblin zombie (Ossuary)
  2 hobgoblin zombies (Ossuary)
  A kobold zombie (Ossuary)
  6 rats
  2 rat zombies (Ossuary)
418 creatures vanquished.

Vanquished Creatures (others)
  A toenail golem (D:10)
  2 orc wizards (D:7)
  A gnoll (D:7)
  3 orcs
  A kobold (D:8)
  9 fungi
  15 plants
  11 toadstools (D:2)
43 creatures vanquished.

Grand Total: 461 creatures vanquished

Notes
Turn   | Place    | Note
-------+----------+-------------------------------------------
     0 | D:1      | wormed the Minotaur Berserker began the quest for the Orb.
     0 | D:1      | Reached XP level 1. HP: 19/19 MP: 0/0
   193 | D:1      | Found a faded altar of an unknown god.
   521 | D:1      | Reached XP level 2. HP: 27/27 MP: 1/1
   528 | D:1      | Reached skill level 4 in Axes
   992 | D:1      | Reached skill level 1 in Shields
  1390 | D:2      | Reached XP level 3. HP: 31/33 MP: 2/2
  1422 | D:2      | Reached ** piety under Trog
  1791 | D:2      | Reached XP level 4. HP: 10/40 MP: 3/3
  1792 | D:2      | HP: 3/60 [acid (5)]
  1818 | D:2      | Reached skill level 5 in Axes
  2281 | D:3      | Reached XP level 5. HP: 47/47 MP: 4/4
  2397 | D:3      | Identified the +2 pair of gloves of the Arcane {rF+}
  2455 | D:3      | You fall into a shaft and drop 1 floor!
  2500 | D:4      | Noticed an orc warrior
  2515 | D:4      | Killed an orc warrior
  2516 | D:4      | Reached XP level 6. HP: 34/53 MP: 5/5
  2739 | D:3      | Reached *** piety under Trog
  2747 | D:3      | Found a glowing drain.
  2759 | Sewer    | Entered a sewer
  3118 | Sewer    | Reached **** piety under Trog
  3168 | Sewer    | Reached skill level 6 in Axes
  3334 | D:3      | Reached skill level 5 in Fighting
  3521 | D:3      | Reached XP level 7. HP: 53/61 MP: 6/6
  4258 | D:4      | Reached skill level 7 in Axes
  4422 | D:4      | Found a blossoming altar of Fedhas.
  4434 | D:4      | Reached ***** piety under Trog
  4730 | D:5      | Entered Level 5 of the Dungeon
  4769 | D:5      | Reached skill level 5 in Armour
  4856 | D:5      | Reached XP level 8. HP: 69/70 MP: 7/7
  4869 | D:5      | Found a hide-covered altar of Uskayaw.
  5030 | D:5      | Found a sand-covered staircase.
  5151 | Ossuary  | Entered an ossuary
  5176 | Ossuary  | Reached skill level 8 in Axes
  5179 | Ossuary  | Reached skill level 5 in Dodging
  5746 | D:5      | Reached skill level 5 in Shields
  6030 | D:6      | Found a staircase to the Ecumenical Temple.
  6160 | D:6      | Reached skill level 9 in Axes
  6196 | D:6      | Found an ancient bone altar of Kikubaaqudgha.
  6197 | D:6      | Found a shadowy altar of Dithmenos.
  6200 | D:6      | Found a bloodstained altar of Trog.
  6200 | D:6      | Found a shimmering blue altar of Sif Muna.
  6248 | D:6      | Reached XP level 9. HP: 64/75 MP: 8/8
  6339 | D:6      | Reached skill level 10 in Axes
  6811 | D:7      | Reached skill level 11 in Axes
  7168 | D:7      | Noticed Joseph
  7304 | D:7      | Reached skill level 12 in Axes
  7677 | D:7      | Killed Joseph
  8261 | D:7      | Reached skill level 13 in Axes
  8598 | D:7      | Reached XP level 10. HP: 80/83 MP: 9/9
  8741 | D:8      | Received a gift from Trog
  8938 | D:8      | Noticed a two-headed ogre
  8948 | D:8      | Killed a two-headed ogre
  8949 | D:8      | Reached skill level 14 in Axes
  9001 | D:8      | Identified the +2 mace "Pucat" {venom, rPois rC+ SInv}
  9192 | D:8      | Found a basalt altar of Yredelemnul.
  9194 | D:8      | Found a snail-covered altar of Cheibriados.
  9195 | D:8      | Found a burning altar of Makhleb.
  9440 | D:9      | Found a glowing silver altar of Zin.
  9440 | D:9      | Noticed an angel
  9502 | D:9      | Reached skill level 15 in Axes
  9822 | D:10     | Entered Level 10 of the Dungeon
  9895 | D:10     | Found a one-way gate to the infinite horrors of the Abyss.
  9895 | D:10     | Noticed mkat's ghost (novice BaNe)
  9924 | D:10     | Paralysed by a hornet for 2 turns
  9932 | D:10     | Reached skill level 16 in Axes
  9940 | D:10     | Reached XP level 11. HP: 51/89 MP: 10/10
  9986 | D:10     | Found a staircase to the Lair.
 10031 | D:10     | Found a transporter.
 10060 | D:10     | Found a transporter.
 10060 | D:10     | Noticed a hell hog
 10065 | D:10     | Noticed a hell hog
 10078 | D:10     | Found a transporter.
 10092 | D:10     | Found a staircase to the Orcish Mines.
 10112 | D:10     | Reached skill level 17 in Axes
 10451 | D:10     | Killed a hell hog
 10460 | D:10     | Killed mkat's ghost
 10462 | D:10     | Killed a hell hog
 10463 | D:10     | Reached skill level 18 in Axes
 10768 | D:11     | Noticed a four-headed hydra
 10775 | D:11     | Killed a one-headed hydra
 10776 | D:11     | Reached skill level 1 in Throwing
 10856 | D:11     | Noticed a two-headed ogre
 10864 | D:11     | Killed a two-headed ogre
 11274 | D:11     | Noticed Sonja
 11285 | D:11     | Killed Sonja
 11659 | Lair:1   | Entered Level 1 of the Lair of Beasts
 11757 | Lair:1   | Identified the +11 sling of the Parsimonious God {freeze,
                  | rElec rC++}
 11909 | Lair:1   | Reached XP level 12. HP: 100/100 MP: 11/11
 11913 | Lair:1   | Noticed Nergalle
 11928 | Lair:1   | Killed Nergalle
 11928 | Lair:1   | Received a gift from Trog
 11960 | Lair:1   | Identified the +1 robe of Taadghia {-Tele rElec Will+
                  | Dex+6}
 12142 | Lair:1   | Noticed Urug
 12155 | Lair:1   | Killed Urug
 12735 | Lair:2   | Noticed an eight-headed hydra
 12749 | Lair:2   | Killed a two-headed hydra
 13097 | Lair:2   | Found a hole to the Spider Nest.
 13596 | Lair:2   | Reached skill level 5 in Throwing
 13847 | Lair:3   | Noticed Prince Ribbit
 13850 | Lair:3   | Noticed a six-headed hydra
 13857 | Lair:3   | Killed Prince Ribbit
 13870 | Lair:3   | Killed a two-headed hydra
 13909 | Lair:3   | Reached XP level 13. HP: 111/111 MP: 12/12
 14003 | Lair:3   | Found a staircase to the Swamp.
 14462 | Lair:4   | Found a runed translucent gate.
 14463 | Lair:4   | Found a runed translucent gate.
 14465 | Lair:4   | Found a runed translucent gate.
 14467 | Lair:4   | Noticed a minotaur
 14468 | Lair:4   | Noticed Veeshiej's ghost (journeyman MiFi)
 14507 | Lair:4   | Found a staircase to the Slime Pits.
 14507 | Lair:4   | Found a viscous altar of Jiyva.
 14708 | Lair:4   | Reached skill level 10 in Fighting
 14724 | Lair:4   | Reached skill level 10 in Armour
 14724 | Lair:4   | Reached skill level 10 in Shields
 14766 | Lair:4   | Identified the +10 broad axe "Giant's Curse" {vorpal, rElec
                  | Will+ Dex+3} (Trog gifted it to you on level 4 of the Lair
                  | of Beasts)
 14766 | Lair:4   | Received a gift from Trog
 15123 | Lair:4   | Killed Veeshiej's ghost
 15171 | Lair:4   | Hit by a javelin thrown by a minotaur

Illustrated notes

Levels and vault maps discovered:
D:1:      dpeg_arrival_yet_another_circle, layout_basic,
          chequers_ecumenical_altar_grove, minmay_misc_feat_pillars,
          grunt_decor_clamped, serial_park_tiny_pond, minmay_tall_x
D:2:      cheibrodos_fertilizer, layout_basic, palyth_stone_intersect,
          kennysheep_cluttered_room
D:3:      layout_rooms, portal_sewer_entry_f
D:4:      layout_basic, fedhas_altar_2, chequers_serial_rivers_micro_c,
          dk_noncrumbling_4, guppyfry_early_orc_mine
D:5:      layout_basic, nicolae_uskayaw_murder_on_the_dancefloor,
          nicolae_ossuary_entry_false_entrances, chequers_serial_rivers_micro_c
D:6:      layout_basic, chequers_temple_overflow_statue_of_worship,
          minmay_temple_entry_statues_pillars
D:7:      layout_loops_cross, enter_bailey_2, st_stairs_14, uniq_joseph
D:8:      layout_basic, grunt_temple_overflow_open, fungi_pond_lemuel
D:9:      layout_basic, zin_angel
D:10:     layout_basic, lair_entry_dummy, orc_0_dummy,
          gammafunk_ghost_abyssal_escape, nicolae_diode_basic
D:11:     layout_loops_ring, uniq_sonja
Lair:1:   layout_loops_ring, uniq_nergalle, uniq_urug
Lair:2:   layout_cave_pods, spider_nest_entry_funnel_web,
          grunt_forest_stairs_clearing, grunt_megastairs_4
Lair:3:   layout_roguey, skrybe_swamp_entry_bodies, uniq_prince_ribbit2
Lair:4:   layout_regular_city, nicolae_slime_entry_slimehenge,
          maelrawn_ghost_gauntlet_escape

Skill      XL: |  1  2  3  4  5  6  7  8  9 10 11 12 13 |
---------------+----------------------------------------+-----
Axes           | 4 5 6 7 9 13 16 18 | 18.0
Shields        | 1 2 3 4 5 6 7 9 10 | 10.2
Fighting       | 4 5 6 7 9 10 | 10.2
Armour         | 3 4 5 6 7 9 10 | 10.2
Dodging        | 3 4 5 6 7 8 9 |  9.7
Throwing       | 3 5 6 |  6.8

Action                   |  1- 3 |  4- 6 |  7- 9 | 10-12 | 13-15 || total
-------------------------+-------+-------+-------+-------+-------++-------
Melee: Hand axe          |   120 |   218 |     9 |       |       ||   347
       Headbutt          |    19 |    22 |    45 |    77 |    31 ||   194
       Punch             |     1 |     3 |     5 |     1 |       ||    10
       War axe           |       |       |   335 |   401 |    97 ||   833
       Broad axe         |       |       |       |       |    34 ||    34
Throw: Dart              |       |       |       |    16 |     3 ||    19
Invok: Berserk           |       |     2 |     2 |     7 |       ||    11
       Trog's Hand       |       |       |     1 |     3 |       ||     4
  Use: Scroll            |       |       |     8 |     5 |     1 ||    14
Armor: Plate armour      |    89 |   156 |   284 |   185 |    27 ||   741
       Animal skin       |     1 |       |       |       |       ||     1
Dodge: Dodged            |    46 |    67 |   158 |   206 |    40 ||   517
Block: Kite shield       |       |       |       |   130 |    66 ||   196
